 Dungeon Crawl Stone Soup version 0.28.0-53-g5a82cb258f (webtiles) character file.

Game seed: 5461490434699003886

141 ILmort the Chopper (level 5, -3/46 HPs)
             Began as a Hill Orc Fighter on Aug 17, 2022.
             Slain by an iron imp (7 damage)
             ... on level 3 of the Dungeon.
             The game lasted 00:05:22 (2671 turns).

ILmort the Chopper (Hill Orc Fighter)               Turns: 2671, Time: 00:05:23

Health: -3/46      AC:  6    Str: 21    XL:     5   Next: 24%
Magic:  5/5        EV:  9    Int:  8    God:
Gold:   84         SH:  4    Dex: 10    Spells: 4/4 levels left

rFire   . . .      SeeInvis .   a - +0 war axe
rCold   . . .      Faith    .   c - +0 buckler
rNeg    . . .      Spirit   .   b - +0 scale mail
rPois   .          Reflect  .   (no helmet)
rElec   .          Harm     .   (no cloak)
rCorr   .          Rampage  .   (no gloves)
Will    +....                   (no boots)
Stlth   ..........              (no amulet)
HPRegen 0.15/turn               l - ring of willpower
MPRegen 0.09/turn               (no ring)

@: no status effects
A: no striking features
a: no special abilities


You were on level 3 of the Dungeon.
You visited 1 branch of the dungeon, and saw 3 of its levels.

You collected 84 gold pieces.

Inventory:

Hand Weapons
 a - a +0 war axe (weapon)
Armour
 b - a +0 scale mail (worn)
 c - a +0 buckler (worn)
Jewellery
 l - a ring of willpower (left hand)
Scrolls
 e - 3 scrolls of teleportation {unknown}
 f - 3 scrolls of fog {unknown}
 m - a scroll of blinking {unknown}
Potions
 d - 2 potions of might
 g - 2 potions of mutation {unknown}
 h - a potion of degeneration {unknown}
 j - a potion of flight {unknown}
 k - a potion of curing {unknown}


   Skills:
 + Level 4.1 Fighting
 * Level 6.6 Axes
 - Level 3.2 Armour
 - Level 3.2 Shields


You had 4 spell levels left.
You didn't know any spells.
Your spell library contained the following spells:

 Spells                   Type           Power      Damage    Failure   Level
 Freeze                   Ice            0%         1d3       83%         1
 Frozen Ramparts          Ice            0%         1d2       99%         3
 Hailstorm                Conj/Ice       0%         3d3       100%        4


Dungeon Overview and Level Annotations

Branches:
Dungeon (3/15)

Altars:
Makhleb
Okawaru

Shops:
D:2 (


Message History

Found a burning altar of Makhleb.
The iron imp shouts!
No reachable target in view!
No reachable target in view!
No reachable target in view!
No reachable target in view!
No reachable target in view!
No reachable target in view!
No reachable target in view!
No reachable target in view!
No reachable target in view!
You barely miss the iron imp.
The iron imp hits you but does no damage.
The iron imp hits you!
You hit the iron imp but do no damage. x2; The iron imp hits you.
The iron imp closely misses you.
You slash the iron imp! You hit the iron imp but do no damage.
The iron imp hits you but does no damage.
The iron imp barely misses you.
You slash the iron imp!
You kill the iron imp!
You hit the iron imp. The iron imp hits you.
You have reached level 5!
You feel stronger.
You slash the iron imp! You block the iron imp's attack.
You barely miss the iron imp. You completely miss the iron imp.
The iron imp hits you. The iron imp hits you!
You closely miss the iron imp. You hit the iron imp. The iron imp hits you.
The iron imp hits you but does no damage.
You hit the iron imp. x2; The iron imp barely misses you.
The iron imp completely misses you.
You barely miss the iron imp. x2; The iron imp hits you!
* * * LOW HITPOINT WARNING * * *
The iron imp hits you.
* * * LOW HITPOINT WARNING * * *
This is a scroll of acquirement!
Something appears at your feet!
The iron imp hits you but does no damage.
The iron imp hits you!
You die...

#.....§≈......#
#.....≈≈......#
#.._...8≈.....####
#.....≈§§........^
#.....§§.....####.
#....≈≈......# #.
#.§§§≈..§....####.
#5≈≈§§.......##...
#@5.§§.......##.#.
###############.##
#... ####


You could see 2 iron imps.

Vanquished Creatures
  An iron imp (D:3)
  5 adders
  A worm (D:3)
  A dart slug (D:2)
  4 orcs (D:3)
  4 bats
  3 endoplasms
  4 giant cockroaches
  5 goblins
  8 hobgoblins
  2 jackals (D:1)
  4 quokkas
  6 ball pythons
  A frilled lizard (D:2)
  4 kobolds
  4 rats
57 creatures vanquished.

Vanquished Creatures (others)
  2 plants (D:2)
2 creatures vanquished.

Grand Total: 59 creatures vanquished

Notes
Turn   | Place    | Note
-------+----------+-------------------------------------------
     0 | D:1      | ILmort the Hill Orc Fighter began the quest for the Orb.
     0 | D:1      | Reached XP level 1. HP: 19/19 MP: 1/1
    65 | D:1      | Reached skill level 3 in Axes
   213 | D:1      | Reached XP level 2. HP: 26/26 MP: 2/2
   298 | D:1      | Reached skill level 4 in Axes
   694 | D:1      | You fall into a shaft and drop 1 floor!
   704 | D:2      | Reached XP level 3. HP: 31/31 MP: 3/3
  1218 | D:2      | Found a faded altar of an unknown god.
  1273 | D:2      | Reached skill level 5 in Axes
  1339 | D:2      | Found an iron altar of Okawaru.
  1395 | D:2      | Found Porimp's Antique Weapon Boutique.
  1623 | D:2      | Reached XP level 4. HP: 6/39 MP: 4/4
  2300 | D:3      | Reached skill level 6 in Axes
  2648 | D:3      | Found a burning altar of Makhleb.
  2665 | D:3      | Reached XP level 5. HP: 25/46 MP: 5/5
  2671 | D:3      | Identified a scroll of acquirement
  2671 | D:3      | Acquired a +1 broad axe of flaming
  2671 | D:3      | Slain by an iron imp

Illustrated notes

Levels and vault maps discovered:
D:1:      amcnicky_arrival_flooded_fountain, layout_basic
D:2:      layout_basic, ebering_ecumenical_altar_sacrificial, basic_altar,
          serial_shops, nicolae_shop_overgrown_old_shop, minmay_tripent
D:3:      layout_basic, demons_altar, minmay_misc_feat_ornament

Skill      XL: |  1  2  3  4 |
---------------+-------------+-----
Axes           | 3 4 5 6 |  6.6
Fighting       | 4 |  4.1
Armour         | |  3.2
Shields        | |  3.2

Action                   |  1- 3 |  4- 6 || total
-------------------------+-------+-------++-------
Melee: War axe           |   106 |    60 ||   166
  Use: Scroll            |       |     1 ||     1
Armor: Scale mail        |    43 |    27 ||    70
Dodge: Dodged            |    48 |    35 ||    83
Block: Buckler           |    22 |    15 ||    37
